 Dungeon Crawl Stone Soup version 0.28-a0-245-g639a1a48b9 (webtiles) character file.

Game seed: 393930563098882220

8533 lmSkywalker the Nimble (level 11, -2/81 HPs)
             Began as a Merfolk Gladiator on Aug 24, 2021.
             Was an Elder of Fedhas.
             Slain by a boulder beetle (8 damage)
             ... on level 11 of the Dungeon.
             The game lasted 01:00:48 (15607 turns).

lmSkywalker the Nimble (Merfolk Gladiator)         Turns: 15607, Time: 01:00:49

Health: -2/81      AC:  8    Str: 24    XL:     11   Next: 32%
Magic:  17/17      EV: 23    Int:  9    God:    Fedhas [****..]
Gold:   636        SH:  7    Dex: 17    Spells: 15/18 levels left

rFire   + . .      SeeInvis .   G - +9 spear "Tubo" {protect, *Rage Str+9 Stlth+}
rCold   + . .      Faith    +   j - +2 buckler
rNeg    . . .      Spirit   .   K - +1 ring mail {Will+}
rPois   .          Reflect  .   c - +0 helmet
rElec   .          Harm     .   g - scarf {rC+ rF+}
rCorr   +          Rampage  .   (no gloves)
Will    +....      Rnd*Rage +   F - +0 pair of boots
Stlth   ++........              y - amulet of faith
HPRegen 0.23/turn               H - ring of resist corrosion
MPRegen 0.15/turn               L - +4 ring of evasion

@: no status effects
A: (nimble swimmer 2), mertail
a: Renounce Religion, Wall of Briars, Grow Ballistomycete, Overgrow


You were on level 11 of the Dungeon.
You worshipped Fedhas.
Fedhas was greatly pleased with you.
You visited 1 branch of the dungeon, and saw 11 of its levels.
You also visited: Ossuary.

You collected 703 gold pieces.
You spent 67 gold pieces at shops.

Inventory:

Hand Weapons
 r - a +2 demon trident of venom
 G - the +9 spear "Tubo" (weapon) {protect, *Rage Str+9 Stlth+}
   (You found it on level 8 of the Dungeon)

   It grants its wielder temporary protection when it strikes (+7 to AC).
   Str:       It affects your strength (+9).
   *Rage:     It may make you go berserk in combat.
   Stlth:     It makes you more stealthy.
Missiles
 a - 3 boomerangs of dispersal
 d - a throwing net
 w - 37 poisoned darts (quivered)
Armour
 c - a +0 helmet (worn)
 g - a scarf of resistance (worn)
 j - a +2 buckler (worn)
 F - a +0 pair of boots (worn)
 K - a +1 ring mail of willpower (worn)
 O - a +0 troll leather armour
Jewellery
 y - an amulet of faith (around neck)
 H - a ring of resist corrosion (left hand)
 J - a ring of flight
 L - a +4 ring of evasion (right hand)
Wands
 l - a wand of polymorph (29)
 u - a wand of iceblast (14)
 C - a wand of digging (8)
 M - a wand of mindburst (3)
Scrolls
 e - a scroll of fog {unknown}
 i - 4 scrolls of magic mapping
 k - 4 scrolls of teleportation
 o - a scroll of vulnerability {unknown}
 s - 2 scrolls of fear
 x - a scroll of immolation {unknown}
 z - a scroll of brand weapon {unknown}
 B - a scroll of summoning {unknown}
 D - 2 scrolls of noise
 I - a scroll of enchant weapon {unknown}
Potions
 b - a potion of attraction
 f - 2 potions of mutation
 h - a potion of flight {unknown}
 m - a potion of brilliance {unknown}
 n - 2 potions of berserk rage {unknown}
 p - 10 potions of curing
 q - a potion of haste {unknown}
 t - 2 potions of ambrosia
 v - 4 potions of lignification
 A - a potion of magic {unknown}
 E - a potion of heal wounds {unknown}
 N - a potion of might {unknown}


   Skills:
 + Level 6.1 Fighting
 + Level 8.7 Polearms
 - Level 2.0 Throwing
 - Level 3.0 Armour
 * Level 14.0 Dodging
 - Level 2.0 Stealth
 - Level 4.0 Shields
 - Level 4.1 Spellcasting
 + Level 6.1 Hexes
 + Level 5.3 Invocations


You had 15 spell levels left.
You knew the following spells:

 Your Spells              Type           Power      Damage    Failure   Level
a - Confusing Touch       Hex            12%        N/A       10%         3

Your spell library contained the following spells:

 Spells                   Type           Power      Damage    Failure   Level
 Slow                     Hex            12%        N/A       4%          2
 Ignite Poison            Fire/Tmut/Pois 1%         N/A       77%         3
 Mephitic Cloud           Conj/Pois/Air  1%         N/A       77%         3
 Stone Arrow              Conj/Erth      2%         3d7       77%         3
 Vampiric Draining        Necr           0%         2d6       77%         3
 Animate Armour           Summ/Erth      2%         N/A       99%         4
 Bolt of Magma            Conj/Fire/Erth 0%         4d4       100%        5
 Lehudib's Crystal Spear  Conj/Erth      0%         10d2      100%        8


Dungeon Overview and Level Annotations

Branches:
Dungeon (11/15)            Temple (0/1) D:6            Lair (0/6) D:11
    Orc (0/2) D:9         Ossuary (visited)

Altars:
Cheibriados
Dithmenos
Fedhas
Gozag
Hepliaklqana
Kikubaaqudgha
Makhleb
Nemelex Xobeh
Okawaru
Ru
Wu Jian
Yredelemnul

Shops:
D:8 (

Annotations:
D:4 Sigmund
D:6 exclusion: wight
D:7 exclusions: killer bee and 1 more exclusion
D:8 2 transporters
D:9 exclusions: ice statue and two-headed ogre
D:10 exclusion: door, Fannar


Innate Abilities, Weirdness & Mutations

((You are quick and stealthy near water. (Stealth+, EV+, Speed+++)))
Your lower body shifts to a powerful aquatic tail in water.


Message History

You barely miss the water moccasin.
The water moccasin is moderately wounded.
You block the water moccasin's attack.
The water moccasin bites you but does no damage.
You puncture the water moccasin!
Your weapon exudes an aura of protection.
The water moccasin is severely wounded.
The water moccasin closely misses you.
You puncture the water moccasin!
You kill the water moccasin!
Fedhas appreciates your contribution to the ecosystem.
You start waiting.
You feel yourself speed up.
There is an open door here.
There is an open door here.
You recover from your berserk rage.
There is an open door here.
There is an escape hatch in the floor here.
There is an open door here.
There is an open door, spattered with blood here.
You see here a +0 leather armour.
There is an open door here.
There is a stone staircase leading down here.
You climb downwards.
There is a stone staircase leading up here.
You walk carefully through the plants.
Found a staircase to the Lair.
You walk carefully through the plants.
The boulder beetle curls into a ball and begins rolling!
You walk carefully through the plants.
The boulder beetle hits you!!!
Ouch! That really hurt!
The boulder beetle stops rolling and uncurls.
You hear an angry growl.
You walk carefully through the fungus.
You walk carefully through the plants.
The boulder beetle bites you!!
* * * LOW HITPOINT WARNING * * *
The boulder beetle bites you!
You die...
Fedhas appreciates your contribution to the ecosystem.

#...#####......
#..............
#...#..........
#<...P..P.P....
#.#.P..P.P.....
.#####.....P.PP.P...
........P.P.P.....P.
.........B.......>.P
######....@PP.P...°.
#..P.PPP...P.P○
#.....P........
#...P..P...P..P
#######....P..P..PP..
..............PPP..
.............P.....
.......†####.......
........# ##..#


You could see a boulder beetle.

Vanquished Creatures
  A boulder beetle (D:10)
  A two-headed ogre (D:10)
  A troll (D:11)
  A shadow (D:10)
  8 yaks
  A vampire (D:10)
  A wraith (D:9)
  Edmund (D:5)
  3 water moccasins
  Duvessa (D:7)
  4 orc warriors
  A swamp drake (D:9)
  An ice beast (D:7)
  A black bear (D:11)
  A necrophage (D:6)
  A sky beast (D:5)
  2 ogres
  7 centaurs
  7 elf zombies (Ossuary)
  A bullfrog (D:5)
  A wyvern skeleton (D:7)
  Dowan (D:7)
  A water moccasin skeleton (D:5)
  8 killer bees
  4 wights (D:6)
  2 howler monkeys
  10 centaur zombies
  A bullfrog skeleton (D:6)
  3 hounds (D:7)
  A gnoll shaman (D:8)
  5 orc priests
  A centaur skeleton (D:7)
  2 iguanas (D:4)
  11 orc wizards
  2 killer bee zombies (D:9)
  3 howler monkey zombies
  4 mummies
  4 gnolls (D:8)
  3 adders
  An ufetubus (D:7)
  An adder skeleton (D:5)
  A worm (D:3)
  3 dart slugs (D:2)
  41 orcs
  6 endoplasms
  8 giant cockroaches
  8 goblins
  5 hobgoblins
  2 jackals (D:1)
  5 quokkas
  4 ball pythons
  5 bats
  4 frilled lizards
  3 kobolds
  2 kobold zombies (D:5)
  3 rats
  A rat zombie (D:10)
215 creatures vanquished.

Vanquished Creatures (others)
  43 fungi (D:11)
  28 plants (D:11)
71 creatures vanquished.

Grand Total: 286 creatures vanquished

Notes
Turn   | Place    | Note
-------+----------+-------------------------------------------
     0 | D:1      | lmSkywalker the Merfolk Gladiator began the quest for the
                  | Orb.
     0 | D:1      | Reached XP level 1. HP: 16/16 MP: 1/1
   149 | D:1      | Reached XP level 2. HP: 8/22 MP: 2/2
   623 | D:1      | Reached skill level 5 in Polearms
   670 | D:1      | Found a faded altar of an unknown god.
  1068 | D:2      | Reached XP level 3. HP: 23/27 MP: 3/3
  1871 | D:2      | Reached skill level 1 in Shields
  2344 | D:3      | Found an ornate altar of the Wu Jian Council.
  2370 | D:3      | Reached XP level 4. HP: 24/33 MP: 4/4
  3194 | D:4      | Noticed Ijyb
  3195 | D:4      | Noticed Ijyb
  3195 | D:4      | Ijyb changed into Ijyb the iguana
  3206 | D:4      | Killed Ijyb the iguana
  3207 | D:4      | Reached skill level 5 in Dodging
  3207 | D:4      | Reached XP level 5. HP: 18/38 MP: 5/5
  3417 | D:4      | Noticed Sigmund
  3794 | D:4      | Found a blossoming altar of Fedhas.
  3828 | D:4      | Became a worshipper of Fedhas Madash
  3877 | D:4      | Learned a level 3 spell: Confusing Touch
  4015 | D:5      | Entered Level 5 of the Dungeon
  4015 | D:5      | Noticed a centaur
  4028 | D:5      | Killed a centaur
  4029 | D:5      | Reached skill level 1 in Armour
  4029 | D:5      | Reached skill level 1 in Stealth
  4029 | D:5      | Reached XP level 6. HP: 16/44 MP: 6/6
  4384 | D:5      | Found a sand-covered staircase.
  4398 | Ossuary  | Entered an ossuary
  4448 | Ossuary  | Reached XP level 7. HP: 36/50 MP: 7/7
  4566 | Ossuary  | Reached skill level 6 in Dodging
  5424 | Ossuary  | Reached * piety under Fedhas
  5425 | Ossuary  | Reached skill level 7 in Dodging
  5425 | Ossuary  | Reached XP level 8. HP: 52/56 MP: 8/8
  5929 | Ossuary  | Identified 2 scrolls of acquirement
  5933 | Ossuary  | Acquired a +2 demon trident of venom
  5936 | Ossuary  | Acquired an amulet of faith
  6020 | D:5      | Reached skill level 8 in Dodging
  6022 | D:5      | Found a sparkling altar of Nemelex Xobeh.
  6639 | D:5      | Noticed a yak
  6666 | D:5      | Reached skill level 9 in Dodging
  6882 | D:5      | Noticed a yak
  6889 | D:5      | Noticed a yak
  6899 | D:5      | Noticed a yak
  6903 | D:5      | Killed a yak
  6904 | D:5      | Reached skill level 1 in Spellcasting
  6904 | D:5      | Reached skill level 1 in Hexes
  6950 | D:4      | Killed a yak
  7181 | D:5      | Noticed Edmund
  7204 | D:5      | Killed Edmund
  7277 | D:5      | Reached XP level 9. HP: 61/61 MP: 12/12
  7290 | D:5      | Reached ** piety under Fedhas
  7291 | D:5      | Reached skill level 10 in Dodging
  7981 | D:6      | Found a basalt altar of Yredelemnul.
  8329 | D:6      | Found a staircase to the Ecumenical Temple.
  8485 | D:6      | Reached skill level 11 in Dodging
  8999 | D:7      | Reached skill level 1 in Invocations
  9195 | D:7      | Found a burning altar of Makhleb.
  9199 | D:7      | Found a snail-covered altar of Cheibriados.
  9776 | D:7      | Noticed Duvessa
  9785 | D:7      | Killed Duvessa
  9791 | D:7      | Noticed Dowan
  9799 | D:7      | Killed Dowan
 10160 | D:7      | Found a shadowy altar of Dithmenos.
 10258 | D:7      | Found an iron altar of Okawaru.
 10551 | D:8      | Found a transporter.
 10572 | D:8      | Found a transporter.
 10574 | D:8      | Identified the +9 spear "Tubo" {protect, *Rage Str+9
                  | Stlth+}
 10630 | D:8      | Reached XP level 10. HP: 65/70 MP: 14/14
 10683 | D:8      | Reached *** piety under Fedhas
 10691 | D:8      | Reached skill level 12 in Dodging
 10786 | D:8      | Found an opulent altar of Gozag.
 11292 | D:8      | Found Cikabog's Weapon Boutique.
 11300 | D:8      | Bought 3 boomerangs of dispersal for 67 gold pieces
 11764 | D:9      | Noticed an ice statue
 12481 | D:9      | Reached skill level 5 in Hexes
 12492 | D:9      | Reached **** piety under Fedhas
 13198 | D:9      | Found a sacrificial altar of Ru.
 13305 | D:9      | Noticed a two-headed ogre
 13401 | D:9      | Found a staircase to the Orcish Mines.
 13988 | D:10     | Entered Level 10 of the Dungeon
 14029 | D:10     | Noticed a boulder beetle
 14439 | D:10     | Killed a boulder beetle
 14440 | D:10     | Reached skill level 5 in Fighting
 14440 | D:10     | Reached skill level 13 in Dodging
 14770 | D:10     | Found a hazy altar of Hepliaklqana.
 14789 | D:10     | Noticed Fannar
 14797 | D:10     | Identified the +4 hunting sling of Compassion {freeze,
                  | rPois SInv}
 14823 | D:10     | Found an ancient bone altar of Kikubaaqudgha.
 14998 | D:10     | Noticed a two-headed ogre
 15024 | D:10     | Killed a two-headed ogre
 15025 | D:10     | Reached skill level 5 in Invocations
 15025 | D:10     | Reached XP level 11. HP: 74/81 MP: 17/17
 15477 | D:11     | Reached skill level 14 in Dodging
 15509 | D:11     | Noticed a boulder beetle
 15594 | D:11     | Found a staircase to the Lair.
 15607 | D:11     | Slain by a boulder beetle

Illustrated notes

Levels and vault maps discovered:
D:1:      minmay_arrival_four_loops, layout_loops_ring, basic_ecumenical_altar,
          minmay_fountain_box, chequers_serial_rivers_micro_c
D:2:      layout_basic
D:3:      layout_basic, nicolae_wu_jian_wuxing_cycle
D:4:      layout_basic, fedhas_altar_2, minivault_5, uniq_sigmund,
          uniq_eustachio, uniq_ijyb
D:5:      layout_basic, overflow_temple_1_default, nicolae_ossuary_entry_giza,
          gup_sewer_entry_pipe, uniq_edmund
D:6:      layout_basic, overflow_temple_1_default, minmay_temple_entry_junction
D:7:      layout_basic, nicolae_overflow_hidden_temple,
          mainiacjoe_overflow_swirl, kennysheep_generic_room_6, uniq_duvessa
D:8:      gammafunk_steamed_eel, layout_loops_cross,
          nicolae_gozag_cash_rules_everything_around_me, serial_shops, shop
D:9:      statuecave_lemuel, layout_basic, nicolae_ru_awakened_eye, erik_orc_1,
          minivault_11
D:10:     layout_roguey, mainiacjoe_overflow_paths,
          lemuel_zombie_altar_kikubaaqudgha, nzn_sisyphean_effort, uniq_fannar
D:11:     layout_irregular_city, due_lair_maze_entry_diamond

Skill      XL: |  1  2  3  4  5  6  7  8  9 10 11 |
---------------+----------------------------------+-----
Polearms       | 5 6 7 8 |  8.7
Shields        | 2 3 4 |  4.0
Dodging        | 5 7 9 11 13 14 | 14.0
Armour         | 1 2 3 |  3.0
Stealth        | 1 2 |  2.0
Spellcasting   | 2 3 4 |  4.1
Hexes          | 2 4 5 6 |  6.1
Invocations    | 2 5 |  5.3
Fighting       | 3 5 6 |  6.1
Throwing       | |  2.0

Action                   |  1- 3 |  4- 6 |  7- 9 | 10-12 || total
-------------------------+-------+-------+-------+-------++-------
Melee: Trident           |   125 |   150 |   225 |       ||   500
       Tailslap          |     2 |       |     1 |       ||     3
       Demon trident     |       |       |   230 |       ||   230
       Spear             |       |       |     2 |   284 ||   286
Throw: Throwing net      |       |     2 |     1 |       ||     3
       Dart              |       |       |    52 |    77 ||   129
 Cast: Confusing Touch   |       |       |       |     1 ||     1
Invok: Wall of Briars    |       |       |     1 |     3 ||     4
Evoke: Wand              |       |     1 |       |     5 ||     6
  Use: Scroll            |       |       |     9 |     2 ||    11
 Stab: Sleeping          |     1 |     3 |     6 |     2 ||    12
       Held in net/web   |       |     1 |       |       ||     1
       Distracted        |       |       |       |     1 ||     1
       Confused          |       |       |       |     1 ||     1
Armor: Leather armour    |    22 |    16 |    47 |    18 ||   103
       Ring mail         |       |       |       |    24 ||    24
Dodge: Dodged            |    64 |    58 |   164 |   154 ||   440
Block: Buckler           |       |    46 |   100 |    68 ||   214

Table legend: (Time is in decaauts)
 A = Elapsed time spent in this place.
 B = Non-inter-level travel time spent in this place.
 C = Inter-level travel time spent in this place.
 D = Time resting spent in this place.
 E = Time spent auto-exploring this place.
 F = Levels seen in this place.
 G = Mean time per level.
                   A        B        C        D        E       F      G
               +--------+--------+--------+--------+--------+-----+--------+
         Total |  15565 |  14897 |    668 |   4563 |   4876 |  12 | 1297.1 |
       Dungeon |  14024 |  13356 |    668 |   3567 |   4876 |  11 | 1274.9 |
       Ossuary |   1541 |   1541 |      0 |    996 |      0 |   1 | 1541.0 |
               +--------+--------+--------+--------+--------+-----+--------+

Top non-repeatable levels by time:
     D:9: 2570 daAuts
     D:7: 1940 daAuts
     D:5: 1638 daAuts
 Ossuary: 1541 daAuts
     D:2: 1199 daAuts
    D:10: 1184 daAuts
     D:8: 1140 daAuts
     D:4: 1115 daAuts
     D:6: 1055 daAuts
     D:1: 1009 daAuts
     D:3: 981 daAuts
    D:11: 189 daAuts
